 Dungeon Crawl Stone Soup version 0.31.0-11-ge490571c62 (webtiles) character file.

Game seed: 2579747655191492386

98 Gadfly the Insei (level 4, -2/35 HPs)
             Began as a Demonspawn Monk on Feb 3, 2024.
             Slain by an iguana (9 damage)
             ... on level 3 of the Dungeon.
             The game lasted 00:02:00 (2034 turns).

Gadfly the Insei (Demonspawn Monk)                  Turns: 2034, Time: 00:02:01

Health: -2/35      AC:  3    Str: 13    XL:     4   Next: 43%
Magic:  4/4        EV: 13    Int: 11    God:
Gold:   72         SH:  0    Dex: 15    Spells: 2/3 levels left

rFire   . . .        b - +2 dagger (speed)
rCold   . . .        c - orb {light}
rNeg    . . .        a - +0 robe
rPois   .            (helmet restricted)
rElec   .            (no cloak)
rCorr   +            l - +0 pair of gloves
SInv    .            (no boots)
Will    .....        (no amulet)
Stlth   +            j - ring of resist corrosion
HPRegen 0.25/turn    (no ring)
MPRegen 0.09/turn

%: no passive effects
@: confused, ambrosia-drunk, glowing
A: antennae 2
a: no special abilities


You were on level 3 of the Dungeon.
You visited 1 branch of the dungeon, and saw 3 of its levels.

You collected 72 gold pieces.

Inventory:

Hand Weapons
 b - a +2 dagger of speed (weapon)
Missiles
 i - a throwing net (quivered)
Armour
 a - a +0 robe (worn)
 c - an orb of light (worn)
 l - a +0 pair of gloves (worn)
Jewellery
 j - a ring of resist corrosion (left hand)
Talismans
 g - a serpent talisman
Scrolls
 d - 2 scrolls of silence
 e - a scroll of revelation
 n - a scroll of identify
Potions
 k - a potion of mutation
 m - a potion of ambrosia


   Skills:
 - Level 3.0 Fighting
 + Level 3.0 Dodging
 * Level 3.4 Unarmed Combat
 * Level 2.0 Evocations
 * Level 1.5 Shapeshifting


You had 2 spell levels left.
You knew the following spells:

 Your Spells              Type           Power      Damage    Failure   Level
a - Apportation           Tloc           0%         N/A       34%         1

Your spell library contained the following spells:

 Spells                   Type           Power      Damage    Failure   Level
 Kiss of Death            Conj/Necr      0%         2d5       34%         1
 Jinxbite                 Hex            0%         N/A       47%         2
 Confusing Touch          Hex            0%         N/A       71%         3
 Dispel Undead            Necr           0%         3d6       98%         4
 Alistair's Intoxication  Alch           0%         N/A       100%        5


Dungeon Overview and Level Annotations

Branches:
Dungeon (3/15)

Altars:


Innate Abilities, Weirdness & Mutations

You have a pair of antennae on your head.


Message History

You hit the iguana but do no damage.
The iguana is moderately wounded.
The iguana bites you!
You hit the iguana but do no damage.
The iguana is moderately wounded.
An iguana is nearby!
An iguana is nearby!
An iguana is nearby!
You hit the iguana but do no damage.
The iguana is moderately wounded.
The iguana bites you!
You are too injured to fight recklessly!
You are too injured to fight recklessly!
You are too injured to fight recklessly!
You are too injured to fight recklessly!
You are too injured to fight recklessly!
You hit the iguana but do no damage.
The iguana is moderately wounded.
The iguana barely misses you.
You hit the iguana.
The iguana is moderately wounded.
You hit the iguana but do no damage.
The iguana is moderately wounded.
The iguana completely misses you.
You hit the iguana but do no damage.
The iguana is moderately wounded.
You hit the iguana.
The iguana is moderately wounded.
The iguana closely misses you.
You hit the iguana.
The iguana is heavily wounded.
The iguana bites you!
* * * LOW HITPOINT WARNING * * *
You hit the iguana.
The iguana is severely wounded.
The iguana bites you.
* * * LOW HITPOINT WARNING * * *
You are confused.
You feel invigorated. The iguana bites you!
You die...

.................
.................
#.........)......
.......<.........
#.....)..........
#................
#.......$........
#................
#.(.....@........
........l........
................
................
#...............
#....###........
#....#รท#........
....###.###....


You could see an iguana.

Vanquished Creatures
  A scorpion (D:2)
  An adder (D:2)
  A ribbon worm (D:2)
  An orc (D:2)
  2 bats (D:2)
  An endoplasm (D:1)
  8 goblins
  3 hobgoblins
  3 jackals (D:2)
  A quokka (D:1)
  A ball python (D:1)
  A frilled lizard (D:1)
  4 kobolds
  A rat (D:1)
29 creatures vanquished.

Notes
Turn   | Place    | Note
-------+----------+-------------------------------------------
     0 | D:1      | Gadfly the Demonspawn Monk began the quest for the Orb.
     0 | D:1      | Reached XP level 1. HP: 18/18 MP: 1/1
    99 | D:1      | Found a faded altar of an unknown god.
   247 | D:1      | Gained mutation: You have a pair of small antennae on your
                  | head. [demonic ancestry]
   247 | D:1      | Reached XP level 2. HP: 24/24 MP: 2/2
  1108 | D:2      | Reached skill level 1 in Evocations
  1352 | D:2      | Gained mutation: You have a pair of antennae on your head.
                  | [demonic ancestry]
  1352 | D:2      | Reached XP level 3. HP: 28/29 MP: 3/3
  1370 | D:2      | Reached skill level 1 in Shapeshifting
  1473 | D:2      | Learned a level 1 spell: Apportation
  1877 | D:3      | Noticed a scorpion
  1910 | D:2      | Killed a scorpion
  1911 | D:2      | Reached XP level 4. HP: 17/35 MP: 4/4
  2034 | D:3      | Slain by an iguana

Illustrated notes

Levels and vault maps discovered:
D:1:      heliophobic_arrival_battle_scene, layout_loops_ring,
          hellmonk_ecumenical_altar_arch_garden, chequers_serial_rivers_micro_d
D:2:      layout_loops_ring, roderic_serpentine_path
D:3:      layout_basic, serial_shops, nicolae_shop_gibbet_a_chance,
          nicolae_shop_behind_doors, uniq_grinder

Skill      XL: |  1  2  3 |
---------------+----------+-----
Unarmed Combat | 3 |  3.4
Evocations     | 1 2 |  2.0
Shapeshifting  | 1 |  1.5
Dodging        | 3 |  3.0
Fighting       | |  3.0

Action                     |  1- 3 |  4- 6 || total
---------------------------+-------+-------++-------
  Melee: Unarmed           |    97 |       ||    97
         Dagger            |    44 |    17 ||    61
    Use: Scroll            |     5 |       ||     5
         Potion            |     3 |     1 ||     4
 Armour: Robe              |    49 |     5 ||    54
         Skin              |    13 |       ||    13
  Dodge: Dodged            |    88 |     8 ||    96
